Map: Pillars of Gold LE

Players

jheffe

  • Race: Terran Terran
  • League: Master
  • Spawn Location: 7:00

TLO - Winner!

  • Race: Zerg Zerg
  • League: Master
  • Spawn Location: 1:00

Event: DreamHack SC2 Masters 2020 Winter

VOD

Have the link to the VOD?

Description

Time

  • Played on: Oct. 15, 2020, 7:49 p.m.
  • Length: 11:13

All games in this series

Show
View Real Time Build Order
Export as new Build Order

jheffe Terran 

Build Orders: Liberator Opening, Reaper Expand 

Get SALT Encoding   

  12  0:00  SCV  
  13  0:12  SCV  
  14  0:17  Supply Depot  
  14  0:24  SCV  
  15  0:39  SCV  
  15  0:40  Barracks  
  16  0:45  Refinery  
  16  0:51  SCV  
  17  1:03  SCV  
  18  1:16  SCV  
  19  1:28  Reaper  
  19  1:29  Orbital Command  
  20  1:44  Command Center  
  20  1:54  SCV, Supply Depot  
  20  1:59  Marine  
  22  2:06  SCV  
  23  2:10  Factory  
  23  2:18  SCV  
  25  2:23  Barracks Reactor  
  24  2:30  SCV  
  25  2:42  Command Center  
  25  2:44  SCV  
  26  2:50  Refinery  
  26  2:57  Orbital Command  
  26  2:59  SCV  
  27  3:09  Starport  
  27  3:12  SCV  
  28  3:22  Hellion x2  
  28  3:23  SCV  
  28  3:26  SCV  
  34  3:36  Barracks Tech Lab  
  34  3:43  SCV, Hellion  
  34  3:44  Hellion  
  34  3:45  SCV  
  40  3:50  Liberator  
  40  3:55  SCV, Orbital Command  
  44  4:03  SCV  
  44  4:07  SCV  
  44  4:08  Supply Depot, Hellion  
  48  4:11  Hellion  
  48  4:14  Bunker  
  49  4:19  Marauder  
  49  4:24  SCV, Stimpack  
  45  4:42  Hellion x2  
  46  4:49  SCV x2  
  47  4:53  SCV  
  48  5:03  Barracks x2  
  48  5:07  Starport Reactor  
  48  5:08  SCV  
  48  5:09  SCV  
  48  5:12  SCV  
  48  5:13  Factory Tech Lab  
  51  5:17  Marine  
  51  5:20  SCV  
  53  5:22  SCV  
  53  5:24  SCV, Engineering Bay  
  45  5:43  SCV  
  45  5:44  SCV  
  45  5:45  SCV  
  45  5:49  Engineering Bay, Siege Tank  
  47  5:54  Barracks x2  
  47  5:55  SCV  
  47  5:56  SCV  
  49  5:57  SCV, Starport Reactor, Terran Infantry Weapons Level 1  
  49  5:59  Refinery  
  49  6:00  Refinery, Marine x2  
  49  6:01  Marine  
  49  6:02  Marine  
  49  6:04  Marine  
  55  6:07  SCV  
  55  6:09  SCV  
  55  6:11  Combat Shield  
  57  6:15  Supply Depot, Terran Infantry Armor Level 1  
  57  6:16  SCV  
  58  6:19  Marine  
  58  6:20  SCV, Marine  
  58  6:21  Marine  
  58  6:25  SCV  
  63  6:31  Siege Tank  
  66  6:35  SCV, Supply Depot  
  66  6:36  Marine  
  66  6:37  Orbital Command  
  66  6:38  Medivac  
  70  6:40  Medivac  
  73  6:47  SCV  
  73  6:50  Marine x3  
  77  6:55  Marine  
  77  6:56  Barracks Reactor x2  
  77  6:57  Supply Depot  
  77  7:03  SCV x3  
  80  7:10  Supply Depot  
  80  7:12  Marine x2  
  80  7:13  Marine x3  
  85  7:19  SCV x3  
  88  7:30  Marine x3  
  88  7:31  SCV, Armory, Marine  
  88  7:32  SCV, Marine  
  88  7:33  Factory Reactor, Factory  
  95  7:39  SCV  
  95  7:42  Supply Depot  
  95  7:43  SCV, Supply Depot  
  97  7:47  Marine x4  
  97  7:48  Marine x2  
  97  7:49  Marine  
  97  7:51  Marine x2  
  98  8:04  Marine  
  98  8:05  Marine x3  
  102  8:06  Marine x2  
  102  8:07  Marine  
  102  8:09  Marine x2  
  95  8:13  Siege Tank  
  74  8:22  Marine x3  
  74  8:23  Marine  
  74  8:24  Marine x2  
  74  8:25  Marine  
  74  8:26  Marine  
  64  8:27  SCV, Marine  
  65  8:40  Marine x4  
  58  8:41  Marine  
  58  8:42  Marine  
  58  8:43  SCV x3  
  60  8:55  SCV x3  
  51  9:07  SCV x2  
  53  9:12  Siege Tank  
  57  9:19  Marine x4  
  60  9:27  Orbital Command  
  60  9:30  Marine x5  
  57  9:38  Marine x3  
  55  9:47  Marine  
  55  9:48  Marine x2  
  55  9:49  Marine x2  
  59  9:53  SCV x2  
  57  10:08  Marine x4  
  61  10:41  Marine x6  
  61  10:42  SCV x2  
  69  10:50  SCV, Marine  
Show
View Real Time Build Order
Export as new Build Order

TLO Zerg - Winner!

Build Orders: Hatch First 

Get SALT Encoding   

  12  0:00  Drone  
  13  0:12  Overlord  
  13  0:17  Drone  
  14  0:30  Drone x2  
  16  0:50  Hatchery  
  16  0:52  Drone  
  16  0:56  Drone  
  17  1:00  Drone  
  18  1:07  Extractor  
  17  1:15  Spawning Pool  
  16  1:19  Drone  
  16  1:22  Drone  
  18  1:27  Drone  
  19  1:39  Drone  
  20  1:51  Drone  
  21  2:02  Queen x2  
  21  2:05  Zergling x2  
  21  2:06  Metabolic Boost  
  26  2:10  Zergling x2  
  27  2:16  Drone  
  28  2:28  Hatchery  
  26  2:33  Overlord  
  26  2:36  Drone  
  27  2:39  Extractor  
  27  2:40  Extractor  
  27  2:42  Drone  
  26  2:44  Drone  
  29  2:51  Roach Warren  
  29  2:54  Drone  
  29  2:56  Drone  
  30  3:02  Zergling x2  
  31  3:06  Overlord  
  31  3:10  Drone  
  32  3:28  Overlord  
  32  3:31  Roach x4  
  40  3:35  Roach  
  40  3:36  Overlord  
  40  3:39  Drone  
  40  3:41  Drone  
  44  3:43  Drone  
  44  3:47  Drone  
  45  3:50  Overlord  
  45  3:53  Drone  
  46  3:59  Queen  
  48  4:04  Zergling x2, Drone  
  48  4:08  Zergling x4  
  52  4:10  Drone  
  52  4:12  Drone  
  54  4:18  Zergling x2  
  54  4:19  Drone  
  54  4:21  Queen  
  58  4:25  Overlord  
  58  4:28  Drone  
  59  4:33  Drone  
  59  4:35  Drone  
  59  4:36  Drone  
  59  4:37  Drone  
  63  4:38  Drone  
  63  4:39  Drone  
  63  4:40  Drone  
  63  4:44  Queen  
  58  4:49  Drone x2  
  58  4:52  Drone  
  61  4:54  Overlord  
  61  4:55  Drone  
  61  4:56  Drone  
  61  4:58  Drone  
  64  5:03  Lair  
  64  5:06  Spore Crawler  
  63  5:07  Drone  
  63  5:08  Drone  
  63  5:09  Zergling x2  
  63  5:10  Drone  
  67  5:16  Drone  
  67  5:17  Evolution Chamber, Extractor  
  67  5:18  Drone x2  
  67  5:19  Evolution Chamber  
  67  5:24  Drone  
  67  5:26  Drone  
  67  5:28  Drone  
  70  5:29  Drone  
  68  5:36  Drone  
  68  5:37  Drone  
  68  5:38  Drone x3  
  68  5:40  Drone  
  68  5:42  Drone x2  
  67  5:46  Drone  
  67  5:47  Drone  
  68  5:54  Zerg Ground Armor Level 1  
  68  5:59  Extractor  
  68  6:01  Glial Reconstitution  
  68  6:03  Roach x2  
  71  6:07  Extractor  
  71  6:09  Queen  
  71  6:10  Drone, Extractor  
  72  6:16  Zerg Missile Weapons Level 1, Drone x3  
  75  6:20  Roach  
  75  6:24  Extractor  
  76  6:26  Drone  
  76  6:28  Overlord x2  
  76  6:29  Overlord x2  
  76  6:32  Roach  
  79  6:34  Overlord  
  79  6:36  Roach  
  81  6:40  Overlord  
  81  6:41  Overlord  
  81  6:43  Overlord  
  81  6:48  Drone  
  81  6:49  Drone x2  
  81  6:50  Roach  
  81  6:51  Roach  
  81  6:52  Ravager  
  81  6:53  Ravager  
  81  6:54  Ravager  
  91  6:56  Roach  
  91  6:57  Roach  
  91  6:59  Pneumatized Carapace  
  95  7:02  Roach  
  95  7:03  Roach  
  95  7:04  Roach  
  95  7:07  Drone  
  102  7:09  Roach  
  102  7:11  Roach  
  102  7:12  Roach  
  102  7:14  Roach  
  110  7:16  Overlord  
  110  7:22  Ravager x2  
  112  7:23  Roach  
  112  7:24  Roach  
  112  7:25  Roach  
  112  7:28  Zergling x2  
  112  7:29  Zergling x2  
  120  7:30  Zergling x2  
  120  7:33  Roach x3  
  127  7:40  Roach x3  
  127  7:41  Overlord, Roach  
  135  7:45  Roach x2  
  135  7:50  Drone  
  135  7:51  Infestation Pit  
  139  7:55  Roach  
  137  8:00  Roach  
  137  8:01  Roach  
  134  8:08  Roach  
  134  8:09  Roach x2  
  134  8:11  Roach  
  134  8:14  Roach  
  134  8:17  Roach  
  134  8:18  Roach  
  134  8:19  Roach  
  118  8:23  Roach, Drone  
  118  8:24  Roach x2  
  118  8:25  Roach  
  113  8:28  Roach  
  113  8:31  Roach  
  113  8:33  Drone  
  112  8:38  Roach x2  
  112  8:40  Ravager  
  108  8:43  Roach x2  
  108  8:45  Roach  
  108  8:47  Roach  
  113  8:50  Roach  
  113  8:51  Roach  
  113  8:53  Zerg Missile Weapons Level 2  
  117  9:09  Queen  
  114  9:12  Hatchery, Roach x2  
  114  9:13  Roach  
  114  9:15  Drone  
  118  9:18  Spore Crawler, Drone  
  118  9:21  Roach  
  120  9:25  Roach  
  120  9:26  Roach  
  120  9:27  Roach  
  122  9:31  Drone  
  122  9:37  Roach  
  123  9:39  Drone  
  123  9:40  Drone  
  123  9:43  Roach  
  119  9:47  Roach  
  119  9:49  Roach, Queen, Drone  
  120  9:54  Hydralisk Den  
  103  10:09  Drone  
  103  10:10  Drone x6  
  110  10:14  Queen  
  110  10:16  Roach  
  110  10:18  Ravager x2  
  110  10:19  Roach  
  118  10:22  Roach  
  118  10:24  Drone  
  121  10:28  Hydralisk x2  
  121  10:32  Hydralisk  
  127  10:36  Hydralisk  
  127  10:37  Hydralisk  
  127  10:41  Hydralisk, Drone  
  127  10:42  Hydralisk  
  136  10:45  Roach  
  136  10:47  Roach x2  
  142  10:50  Roach  
  142  10:52  Roach  
Tags
 
Add a new tag
Caveats
  • Supply blocks, unpowered buildings, or Contaminate may cause inaccurate times.
  • Supply counts are checked every 10 seconds.